 Dungeon Crawl Stone Soup version 0.22.1-1-ga44c0e5 (webtiles) character file.

298 harcile the Covered (level 6, -3/53 HPs)
             Began as a Hill Orc Fighter on Oct 10, 2018.
             Was an Initiate of the Shining One.
             Slain by Grinder (5 damage)
             ... while paralysed by Grinder
             ... on level 3 of the Dungeon.
             The game lasted 00:09:00 (2719 turns).

harcile the Covered (Hill Orc Fighter)              Turns: 2719, Time: 00:09:01

Health: -3/53      AC:  7    Str: 20    XL:     6   Next: 35%
Magic:  6/6        EV:  2    Int:  6    God:    the Shining One [......]
Gold:   210        SH:  0    Dex: 11    Spells: 5/5 levels left

rFire    . . .     SeeInvis +   a - +0 long sword
rCold    . . .     Gourm    .   c - +0 shield
rNeg     . . .     Faith    .   b - +0 scale mail
rPois    .         Spirit   .   (no helmet)
rElec    .         Reflect  .   (no cloak)
rCorr    .         Harm     .   (no gloves)
MR       .....                  (no boots)
Stlth    ..........             e - amulet of the acrobat
HPRegen  0.17/turn              h - ring of see invisible
MPRegen  0.10/turn              k - -2 ring of intelligence (curse)

@: paralysed, glowing
A: no striking features
a: Renounce Religion


You were on level 3 of the Dungeon.
You worshipped the Shining One.
The Shining One was noncommittal.
You were hungry.

You visited 1 branch of the dungeon, and saw 3 of its levels.

You collected 210 gold pieces.

Inventory:

Hand Weapons
 a - a +0 long sword (weapon)
Missiles
 m - a throwing net (quivered)
Armour
 b - a +0 scale mail (worn)
 c - a +0 shield (worn)
Jewellery
 e - an amulet of the acrobat (around neck)
 h - a ring of see invisible (left hand)
 k - a cursed -2 ring of intelligence (right hand)
 p - an uncursed amulet of harm {unknown}
Scrolls
 g - a scroll of fear {unknown}
 i - 3 scrolls of remove curse {unknown}
 l - a scroll of identify {unknown}
 n - a scroll of random uselessness {unknown}
 o - a scroll of enchant weapon {unknown}
 r - a scroll of magic mapping {unknown}
Potions
 d - a potion of might
 j - 2 potions of flight {unknown}
 q - a potion of cancellation {unknown}
 t - a potion of ambrosia {unknown}
 u - 2 potions of agility {unknown}
Comestibles
 f - 4 rations
 s - 3 chunks of flesh


   Skills:
 + Level 4.5 Fighting
 + Level 4.4 Long Blades
 + Level 4.7 Armour
 + Level 1.3 Dodging
 + Level 4.3 Shields


You had 5 spell levels left.
You didn't know any spells.
Your spell library was empty.

Dungeon Overview and Level Annotations

Branches:
Dungeon (3/15)

Altars:
Nemelex Xobeh
Yredelemnul
The Shining One

Annotations:
D:3 Grinder


Message History

Grinder is severely wounded.
You hit Grinder but do no damage.
Grinder is severely wounded.
Grinder gestures at you. Pain shoots through your body!
You slash Grinder!
Grinder is almost dead.
Grinder hits you but does no damage. Grinder gestures at you.
You suddenly lose the ability to move!
Grinder hits you.
* * * LOW HITPOINT WARNING * * *
You writhe in agony.
* * * LOW HITPOINT WARNING * * *
Grinder hits you.
* * * LOW HITPOINT WARNING * * *
You writhe in agony.
* * * LOW HITPOINT WARNING * * *
Grinder hits you.
You die...

###.#.# .......<
....#.# .#
#.#.##.. #####.#
.# #.. #.# .# #..
#.# .# ..... #.#
.# #..#.. #.#
##### .# #..##.
#.# #...#####.# ..
#. #.# #.....)5@.#
#. #####.#
#...####### #.
.รท....# ##.## #.
####..# #.####
##..# #.##.##
###...####.#.#.##
................##
...............#.#
####.#.####.#...##


You could see Grinder.

Vanquished Creatures
  2 orc priests (D:3)
  An orc wizard (D:3)
  Natasha (D:3)
  8 gnolls
  2 adders
  An ooze (D:2)
  A worm (D:2)
  2 dart slugs
  2 leopard geckos
  2 orcs
  5 bats
  5 giant cockroaches
  11 hobgoblins
  6 jackals (D:2)
  9 kobolds
  A quokka (D:3)
  A ball python (D:2)
  2 frilled lizards
  10 goblins
  7 rats
79 creatures vanquished.

Vanquished Creatures (others)
  A goblin (D:1)
1 creature vanquished.

Grand Total: 80 creatures vanquished

Notes
Turn   | Place    | Note
-------+----------+-------------------------------------------
     0 | D:1      | harcile the Hill Orc Fighter began the quest for the Orb.
     0 | D:1      | Reached XP level 1. HP: 19/19 MP: 1/1
   246 | D:1      | Reached XP level 2. HP: 27/27 MP: 2/2
   467 | D:1      | Reached XP level 3. HP: 29/33 MP: 3/3
   788 | D:2      | Found a sparkling altar of Nemelex Xobeh.
   841 | D:2      | Found a basalt altar of Yredelemnul.
  1187 | D:2      | Found a sparkling altar of Nemelex Xobeh.
  1288 | D:2      | Reached XP level 4. HP: 15/40 MP: 4/4
  1620 | D:2      | Reached skill level 1 in Dodging
  1685 | D:2      | Found a glowing golden altar of the Shining One.
  1691 | D:2      | Became a worshipper of the Shining One
  1798 | D:2      | Reached XP level 5. HP: 38/47 MP: 5/5
  2482 | D:3      | Noticed Natasha
  2496 | D:3      | Killed Natasha
  2660 | D:3      | Reached XP level 6. HP: 48/53 MP: 6/6
  2685 | D:3      | Noticed Grinder
  2716 | D:3      | Paralysed by Grinder for 6 turns
  2718 | D:3      | HP: 2/53 [Grinder (5)]
  2719 | D:3      | Slain by Grinder

Skill      XL: |  1  2  3  4  5 |
---------------+----------------+-----
Fighting       | 4 |  4.5
Armour         | 4 |  4.7
Long Blades    | 3 4 |  4.4
Dodging        | 1 |  1.3
Shields        | 4 |  4.3

Action                   |  1- 3 |  4- 6 || total
-------------------------+-------+-------++-------
Melee: Long sword        |   128 |   153 ||   281
  Eat: Chunk             |     1 |     5 ||     6
Armor: Scale mail        |    33 |    49 ||    82
Dodge: Dodged            |    42 |    79 ||   121
Block: Shield            |    62 |    80 ||   142
       Rpst.: Long sword |    14 |    24 ||    38
